AoeStats
← ivcrk826

Arena

509058272Analyzed
2v2 RM · 6d ago on Sep 25, 2026· 43m 33s· 4 players
Game mode
Random Map
Map size
Medium (4 player)
Population
200
Speed
Normal
Resources
Standard
Victory
Conquest
Starting age
Dark Age
Ending age
Imperial Age
RankedLock teamsTeams togetherTeam positionsShared explorationLock speedFull tech treeHidden civsTurbo modeCheats
Victory
Defeat
🇳🇿 Italians · New Zealand
1450
+7
🇦🇷 Byzantines · Argentina
1448
+7
🇪🇸 Spanish · Spain
1292
-9
🇺🇸 Burgundians · United States
1169
-5
ivcrk826
10:33 Feudal Age
15:12 Castle Age
13:13 Double-Bit Axe
13:22 Horse Collar
15:27 Light Cavalry
23:00 Bow Saw
22:38 Loom
28:24 Imperial Age
26:09 Fortified Wall
26:54 Squires
26:58 Scale Mail Armor
28:51 Chain Mail Armor
28:39 Treadmill Crane
30:01 Plate Mail Armor
30:48 Conscription
32:48 Forging
33:37 Gold Mining
35:00 Iron Casting
34:26 Elite Varangian Guard
37:11 Wheelbarrow
37:51 Logistica
37:48 Arson
40:38 Gold Shaft Mining
Wouldn'tyouknow
9:39 Feudal Age
10:45 Double-Bit Axe
13:21 Castle Age
14:32 Horse Collar
17:41 Loom
20:34 Heavy Plow
23:01 Wheelbarrow
24:39 Hand Cart
25:27 Town Watch
28:40 Imperial Age
26:43 Fletching
27:31 Ballistics
27:14 Padded Archer Armor
27:30 Bow Saw
27:25 Bodkin Arrow
28:06 Squires
27:52 Arson
28:33 Leather Archer Armor
28:25 Scale Mail Armor
30:21 Chemistry
30:11 Masonry
30:24 Bracer
30:36 Forging
30:46 Guilds
31:44 Chain Mail Armor
32:26 Ring Archer Armor
32:12 Thumb Ring
34:38 Elite Genoese Crossbowman
36:40 Plate Mail Armor
36:49 Iron Casting
36:55 Iron Casting
37:00 Conscription
39:52 Spies/Treason
41:42 Hoardings
42:01 Pirotechnia
42:12 Silk Road
42:53 Blast Furnace
42:00 Scale Barding Armor
O.Bender
4:23 Double-Bit Axe
6:52 Horse Collar
11:39 Feudal Age
15:38 Castle Age
14:23 Forging
14:39 Bow Saw
14:33 Gold Mining
14:50 Loom
15:38 Heavy Plow
19:21 Gold Shaft Mining
24:27 Iron Casting
23:42 Fletching
24:24 Fletching
28:56 Imperial Age
26:45 Town Watch
27:36 Wheelbarrow
30:55 Chemistry
El brujo embrujado
10:48 Feudal Age
12:38 Loom
15:21 Castle Age
13:03 Horse Collar
13:10 Double-Bit Axe
16:32 Bow Saw
17:05 Heavy Plow
19:58 Stone Mining
23:01 Gold Mining
23:25 Town Watch
24:42 Forging
26:25 Wheelbarrow
27:49 Stone Shaft Mining
28:24 Hand Cart
28:22 Scale Barding Armor
28:53 Iron Casting
28:09 Fletching
31:17 Imperial Age
29:39 Scale Barding Armor
31:17 Fletching
32:05 Iron Casting
31:32 Husbandry
33:44 Chemistry
34:33 Fortified Wall
37:54 Masonry
Connection lost

Rejoining the realm…

Still unreachable

The connection could not be restored.

Session expired

The server has moved on; the page needs a fresh start.